[Event "FIDE World School-ch G-17 2025"]
[Site "Vrnjacka Banja"]
[Date "2025.03.22"]
[Round "3.1"]
[White "Altynbek, Aiaru"]
[Black "Buyankhishig, Batpelden"]
[Result "0-1"]
[Annotator "NA RC"]
[ECO "E12"]
[WhiteElo "2005"]
[BlackElo "1907"]
[PlyCount "134"]
[EventDate "2025.03.19"]
[EventType "swiss"]
[EventCountry "SRB"]
[SourceTitle "playchess.com"]
[Source "ChessBase"]
[SourceQuality "1"]
[TimeControl "5400+30"]

1. d4 Nf6 2. c4 e6 3. Nf3 b6 4. a3 Bb7 5. Nc3 d5 6. cxd5 Nxd5 7. Qc2 Nxc3 8. bxc3 Be7 9. e4 O-O 10. Bd3 c5 11. O-O Qc7 12. Qe2 Rd8 13. Re1 Nc6 14. Bb2 $11 (14. d5 $1 $14 exd5 15. exd5 Rxd5 16. Bg5) 14... Bf8 15. h4 a6 16. h5 b5 17. Red1 c4 18. Bc2 e5 19. d5 Nb8 20. Bc1 Nd7 21. Nh4 Nc5 22. Bg5 Be7 23. Bxe7 Qxe7 24. Nf5 Qg5 25. Qe3 Qxe3 26. Nxe3 Bc8 27. Rab1 g6 28. hxg6 hxg6 29. g3 Kg7 30. Kg2 Bd7 31. Rh1 Rh8 32. f4 f6 33. Kf3 Rae8 34. fxe5 fxe5 35. Ng2 Ref8+ 36. Ke3 Bg4 37. Nh4 g5 38. Nf5+ Bxf5 39. exf5 g4 40. Be4 Kf6 41. Rbd1 Ke7 42. d6+ Kd8 43. Rh4 Rxh4 44. gxh4 Rh8 45. Rh1 Kd7 46. h5 Rh6 47. Bd5 Kxd6 48. Bf7 Nd3 49. Rg1 Ke7 50. Bg6 Kf6 51. Rxg4 Nf4 52. Rg1 Nd5+ 53. Kd2 e4 54. Ra1 Rh8 55. a4 e3+ 56. Kc2 bxa4 57. Rxa4 Nf4 58. Rxa6+ Ke5 59. Ra5+ Ke4 60. f6+ Kf3 61. f7 e2 62. Re5 Kf2 63. Rf5 e1=Q 64. Rxf4+ Kg3 65. f8=Q Qe2+ 66. Kb1 Qd1+ 67. Kb2 Rxf8 0-1

[Event "FIDE World School-ch G-17 2025"]
[Site "Vrnjacka Banja"]
[Date "2025.03.22"]
[Round "3.2"]
[White "Orazalina, Nursulu"]
[Black "Maslova, Anastasiya Yar"]
[Result "1/2-1/2"]
[Annotator "NA RC"]
[ECO "B11"]
[WhiteElo "1895"]
[BlackElo "1938"]
[PlyCount "82"]
[EventDate "2025.03.19"]
[EventType "swiss"]
[EventCountry "SRB"]
[SourceTitle "playchess.com"]
[Source "ChessBase"]
[SourceQuality "1"]
[TimeControl "5400+30"]

1. e4 c6 2. Nc3 d5 3. Nf3 Bg4 4. h3 Bxf3 5. Qxf3 e6 6. d4 Nf6 7. a3 dxe4 8. Qe3 Nbd7 9. Nxe4 Nxe4 10. Qxe4 Nf6 11. Qd3 Qd5 12. c4 Qe4+ 13. Be3 Qxd3 14. Bxd3 Bd6 15. f4 O-O 16. O-O b5 17. Rac1 Rab8 18. cxb5 cxb5 19. Rc6 Rfd8 20. g3 Nd5 21. Bf2 g6 22. Rfc1 h5 23. h4 Nf6 24. Kg2 Rb7 25. Be2 b4 26. a4 b3 27. Bf3 Nd5 28. Bxd5 exd5 29. Kf3 Bb4 30. Rc7 Rdb8 31. Rxb7 Rxb7 32. Ke3 Rb6 33. Kd3 Kg7 34. Be1 Bd6 35. Rc8 Kf6 36. a5 Rb7 37. Bd2 Kf5 38. Rd8 Ke6 39. Re8+ Kf5 40. Rd8 Ke6 41. Re8+ Kf5 1/2-1/2

[Event "FIDE World School-ch G-17 2025"]
[Site "Vrnjacka Banja"]
[Date "2025.03.22"]
[Round "3.3"]
[White "Seyhan, Pelin"]
[Black "Kusakina, Uliana"]
[Result "1-0"]
[Annotator "NA RC"]
[ECO "B26"]
[WhiteElo "1924"]
[BlackElo "1855"]
[PlyCount "89"]
[EventDate "2025.03.19"]
[EventType "swiss"]
[EventCountry "SRB"]
[SourceTitle "playchess.com"]
[Source "ChessBase"]
[SourceQuality "1"]
[TimeControl "5400+30"]

1. e4 c5 2. d3 Nc6 3. g3 g6 4. Bg2 Bg7 5. Nc3 d6 6. Be3 Rb8 7. Nge2 Nf6 8. h3 b5 9. Qd2 b4 10. Nd1 O-O 11. O-O e5 12. Bg5 Ne7 13. f4 exf4 14. Qxf4 Ne8 15. Qh4 f6 16. Bd2 f5 17. Bg5 Bf6 18. Bxf6 Nxf6 19. Ne3 Kg7 20. exf5 Nxf5 21. Nxf5+ Bxf5 22. g4 Bd7 23. g5 Nh5 24. Rxf8 Qxf8 25. Rf1 Qe7 26. Nf4 Qe3+ 27. Kh2 Nxf4 28. Rxf4 Qe5 29. Kh1 Bf5 30. d4 Qe3 31. Qh6+ Kh8 32. Rxf5 Qe7 33. Rf6 cxd4 34. Qh4 Re8 35. Qxd4 Qe1+ 36. Kh2 Qe5+ 37. Qf4 a5 38. Qxe5 dxe5 39. Be4 Rc8 40. Re6 Rc5 41. Kg3 a4 42. Rb6 Rc4 43. Rb8+ Kg7 44. Bd5 Rxc2 45. Rg8# 1-0

[Event "FIDE World School-ch G-17 2025"]
[Site "Vrnjacka Banja"]
[Date "2025.03.22"]
[Round "3.4"]
[White "Nauanova Zhaniya"]
[Black "Wang, Chloe Heather"]
[Result "0-1"]
[Annotator "NA RC"]
[ECO "C45"]
[WhiteElo "1905"]
[BlackElo "1892"]
[PlyCount "78"]
[EventDate "2025.03.19"]
[EventType "swiss"]
[EventCountry "SRB"]
[SourceTitle "playchess.com"]
[Source "ChessBase"]
[SourceQuality "1"]
[TimeControl "5400+30"]

1. e4 e5 2. Nf3 Nc6 3. d4 exd4 4. Nxd4 Nf6 5. Nxc6 bxc6 6. Bd3 d5 7. O-O Be7 8. e5 Nd7 9. f4 Nc5 10. f5 Nxd3 11. cxd3 g6 12. f6 Bf8 13. Qa4 Qd7 14. Nc3 Bb7 15. Bg5 c5 16. Qa5 O-O-O 17. Bf4 g5 18. Bg3 h5 19. Nb5 a6 20. e6 fxe6 21. Nxc7 h4 22. Be5 Bd6 23. Bxd6 Qxd6 24. Rac1 c4 25. dxc4 d4 26. Nb5 axb5 27. cxb5+ Kd7 28. Qa7 Qd5 29. Rc6 Rb8 30. Rfc1 Rhc8 31. f7 h3 32. f8=N+ Ke7 33. R1c2 Kxf8 34. Rc7 Qe5 35. Rf2+ Kg8 36. b6 Qe1+ 37. Rf1 Qe3+ 38. Rf2 Rf8 39. Rcf7 Rxf7 0-1

[Event "FIDE World School-ch G-17 2025"]
[Site "Vrnjacka Banja"]
[Date "2025.03.22"]
[Round "3.5"]
[White "Ivanovski, Kalina"]
[Black "Kirtadze, Anastasia"]
[Result "0-1"]
[Annotator "NA RC"]
[ECO "E32"]
[WhiteElo "1656"]
[BlackElo "2180"]
[PlyCount "136"]
[EventDate "2025.03.19"]
[EventType "swiss"]
[EventCountry "SRB"]
[SourceTitle "playchess.com"]
[Source "ChessBase"]
[SourceQuality "1"]
[TimeControl "5400+30"]

1. d4 Nf6 2. c4 e6 3. Nc3 Bb4 4. Qc2 O-O 5. e4 d6 6. Nf3 e5 7. a3 Bxc3+ 8. bxc3 Qe7 9. Bd3 Nc6 10. h3 Na5 $11 11. Bg5 h6 12. Bh4 g5 13. Nxg5 hxg5 14. Bxg5 Kg7 15. f3 Qe6 16. d5 Qd7 17. Qf2 Ng8 18. f4 f6 19. Bh4 Nb3 20. Rb1 Nc5 21. Qg3+ Kh8 22. Bc2 Qg7 23. Qxg7+ Kxg7 24. f5 b6 25. Bf2 Ba6 26. Bxc5 bxc5 27. Bd3 Rab8 28. Kd2 Ne7 29. Kc2 c6 30. g4 cxd5 31. cxd5 c4 32. Be2 Rxb1 33. Rxb1 Rh8 34. Bf1 Nc8 35. Rb4 Nb6 36. a4 Rc8 37. a5 Nd7 38. Rb1 Nc5 39. Bg2 Nb3 40. Rb2 Rc5 41. Ra2 Nxa5 42. Bf1 Bc8 43. Ra4 Bd7 44. Ra3 a6 45. h4 Bc8 46. g5 Nb3 47. Bxc4 Rxc4 48. Kd3 Na5 49. Rxa5 Rc7 50. Ra4 Bd7 51. Rb4 a5 52. Rb6 a4 53. gxf6+ Kxf6 54. Rxd6+ Kf7 55. Kc2 Ra7 56. Rb6 a3 57. Rb1 Ba4+ 58. Kc1 a2 59. Ra1 Bb3 60. Kb2 Rb7 61. Ka3 Bc4 62. Rxa2 Ra7+ 63. Kb4 Bxa2 64. c4 Bb1 65. Kc5 Bxe4 66. Kd6 Re7 67. c5 Bxf5 68. c6 e4 0-1

[Event "FIDE World School-ch G-17 2025"]
[Site "Vrnjacka Banja"]
[Date "2025.03.22"]
[Round "3.6"]
[White "Dange, Gehansa Ranumi"]
[Black "Jankovic, Tamara"]
[Result "0-1"]
[Annotator "TA"]
[ECO "B52"]
[WhiteElo "1643"]
[BlackElo "1900"]
[PlyCount "102"]
[EventDate "2025.03.19"]
[EventType "swiss"]
[EventCountry "SRB"]
[SourceTitle "playchess.com"]
[Source "ChessBase"]
[SourceQuality "1"]
[TimeControl "5400+30"]

1. e4 c5 2. Nf3 d6 3. Bb5+ Bd7 4. c4 Nc6 5. Nc3 g6 6. d4 {[%emt 0:00:08] B52: Sicilian: Moscow Variation with 3...Bd7.} cxd4 7. Nxd4 Bg7 8. Be3 {[%emt 0:03:02] White has an edge.} Nf6 9. f3 {[%emt 0:00:12] Repels Ng4} a6 10. Bxc6 bxc6 11. O-O O-O 12. Qd2 Rb8 13. Rab1 Ne8 14. f4 $146 ({Predecessor:} 14. Bh6 Nc7 15. Bxg7 Kxg7 16. Rfd1 Ne6 17. Nxe6+ Bxe6 18. Qd4+ Kg8 19. c5 dxc5 20. Qxc5 {1-0 Shehzad,S (2337)-Da Silva,G (2095) Titled Tuesday intern op 11th Jun Late blitz 2024 (1)}) 14... c5 15. Nf3 Nf6 16. e5 Ng4 17. Bf2 Nxf2 18. Qxf2 Be6 (18... Bc6 $11) 19. b3 $14 dxe5 20. fxe5 Qa5 21. Ne4 (21. Nd5 $14 {deserves consideration.} Rb7 22. Rbd1) 21... Bf5 $11 22. Rbe1 Rbc8 23. Nh4 {[%emt 0:06:26] A dynamic duo of knights.} Bd7 ({Much weaker is} 23... Bxe5 $6 24. Nxf5 gxf5 25. Qxf5 Bd4+ 26. Kh1 $16) 24. Nf3 Qc7 25. Nc3 Bf5 26. Nd5 Qb7 (26... Qa7 $14) 27. Qh4 $1 $16 Rce8 28. Ng5 {[%emt 0:06:04][%csl Gg5][%cal Rh4h7] White attacks} h6 {[%emt 0:03:02] [#]} 29. Rxf5 gxf5 $17 {[%emt 0:00:55] White is on the road to losing.} 30. Re3 hxg5 31. Qxg5 {[%emt 0:00:02][%cal Oe3g3] [#] Intending Rg3! and mate.} Qc6 $1 32. Rg3 {[%emt 0:01:15][%csl Gg3][%cal Rg5g7] [#]} Qg6 33. Qf4 (33. Nxe7+ Rxe7) 33... Qh5 34. h3 $2 (34. Kf2 {only move.}) 34... Kh8 $19 35. Rg5 Qh6 36. Qxf5 {[%emt 0:01:21] Rh5 would now be deadly.} e6 37. Qg4 exd5 38. Rh5 {[%emt 0:00:00] [#]} Rxe5 $1 39. Rxh6+ Bxh6 40. Qh4 Kg7 41. cxd5 Rxd5 42. Qg4+ Rg5 43. Qc4 Re8 44. Qxa6 (44. b4 $142) 44... Rge5 {[%emt 0:00:22] Black is clearly winning.} 45. Qd3 Be3+ 46. Kf1 R8e6 47. a4 Rf6+ 48. Ke1 Bd4+ 49. Kd1 Re3 50. Qc4 Rf2 {[%emt 0:00:51][%cal Oe3g3] ...Rg3! is the strong threat.} 51. Qd5 Rd3+ {[%emt 0:00:17] Weighted Error Value: White=0.60/Black=0.26 (precise)   Mistake:       	White=4     	Black=2      Inaccurate:     	White=3     	Black=2      OK:         	White=13    	Black=19     Best:        	White=4     	Black=2      Strong:       	White=1     	---        Brilliant:      	---       	Black=1} (51... Rg3 $142 52. b4 Rgxg2 (52... Rd3+ $2 53. Ke1 $19) 53. Qxg2+ Rxg2 54. bxc5 Bxc5) 0-1